 Dungeon Crawl Stone Soup version 0.20.1-1-g8b1a95d (webtiles) character file.

231 vineage the Shield-Bearer (level 6, -10/38 HPs)
             Began as a Gargoyle Fighter on Oct 7, 2017.
             Killed by divine providence
             ... invoked by an orc priest
              (13 damage)
             ... on level 4 of the Dungeon.
             The game lasted 00:03:32 (2951 turns).

vineage the Shield-Bearer (Gargoyle Fighter)        Turns: 2951, Time: 00:03:33

Health: -10/38     AC: 16    Str: 20    XL:     6   Next: 4%
Magic:  6/6        EV:  4    Int: 14    God:
Gold:   139        SH:  9    Dex: 10    Spells: 5/5 levels left

rFire    . . .     SeeInvis .   a - +0 long sword
rCold    . . .     Gourm    .   c - +0 shield
rNeg     + . .     Faith    .   h - +0 plate armour
rPois    ∞         Spirit   .   (no helmet)
rElec    +         Reflect  .   (no cloak)
rCorr    .         Harm     .   (no gloves)
MR       .....                  (no boots)
Stlth    ..........             (no amulet)
Regen    0.2/turn               (no ring)
MPRegen  0.1/turn               (no ring)

@: brilliant
A: negative energy resistance 1, electricity resistance, unbreathing,
petrification resistance, rot immunity, AC +4
a: no special abilities


You were on level 4 of the Dungeon.
You were not hungry.

You visited 1 branch of the dungeon, and saw 4 of its levels.

You collected 139 gold pieces.

Inventory:

Hand Weapons
 a - a +0 long sword (weapon)
Armour
 b - a +0 scale mail
 c - a +0 shield (worn)
 h - a +0 plate armour (worn)
Jewellery
 n - a cursed -3 ring of dexterity {unknown}
Wands
 s - a wand of polymorph (4/24)
Scrolls
 d - a scroll of noise {unknown}
 e - 5 scrolls of identify {unknown}
 g - a scroll of remove curse {unknown}
 i - a scroll of recharging {unknown}
 k - a scroll of teleportation {unknown}
 o - a scroll of immolation {unknown}
Potions
 j - a potion of agility {unknown}
 p - a potion of flight {unknown}
 q - a potion of might
 t - a potion of haste {unknown}
Books
 u - a book of Necromancy

   Spells                             Type                      Level
   a - Pain                           Necromancy                   1
   b - Animate Skeleton               Necromancy                   1
   c - Vampiric Draining              Necromancy                   3
   d - Regeneration                   Charms/Necromancy            3
   e - Animate Dead                   Necromancy                   4
   f - Control Undead                 Necromancy                   4
Comestibles
 f - a bread ration
 r - 2 royal jellies


   Skills:
 + Level 3.9 Fighting
 * Level 3.6 Long Blades
 + Level 3.8 Armour
 + Level 0.2 Dodging
 + Level 5.1 Shields


You had 5 spell levels left.
You didn't know any spells.

Dungeon Overview and Level Annotations

Branches:
Dungeon (4/15)
 Temple: D:4-7

Altars:
Nemelex Xobeh


Innate Abilities, Weirdness & Mutations

You are resistant to torment.
Your stone body is resilient. (AC +4)
You are immune to poison.
You resist negative energy. (rN+)
You are resistant to electric shocks. (rElec)
You can survive without breathing.
You are immune to petrification.
You are immune to rotting.


Message History

You are too injured to fight recklessly!
You are too injured to fight recklessly!
You are too injured to fight recklessly!
You closely miss the orc priest.
The orc priest is heavily wounded.
The orc priest hits you but does no damage.
You hit the orc priest.
The orc priest is severely wounded.
The orc priest calls down the wrath of Beogh upon you.
Beogh smites you!
* * * LOW HITPOINT WARNING * * *
You feel better.
The orc priest calls down the wrath of Beogh upon you.
Pain shoots through your body!
* * * LOW HITPOINT WARNING * * *
It was a potion of brilliance.
You feel clever all of a sudden.
The orc priest invokes the aid of Beogh against you.
Beogh smites you!
You die...

##.# ### #..## .#. .
#...# ####... ..
##.#.###...... ...
##.###.......# ....##
#..###^##...## ......#
##..##..####.#
......o##..###..###..#
#@.........<...#
#......####....#
#..#..## #....#
..###.# #....# #.##
#.. ......# ..
............ ..#
.####...##.. ... ##..#
..


You could see an orc priest.

Vanquished Creatures
  Jessica (D:3)
  Terence (D:3)
  Ijyb (D:3)
  Robin (D:2)
  5 adders
  3 dart slugs
  4 leopard geckos
  7 orcs
  2 ball pythons (D:2)
  4 bats
  5 giant cockroaches
  20 goblins
  5 hobgoblins
  2 quokkas
  8 frilled lizards
  9 kobolds
  6 rats
84 creatures vanquished.

Notes
Turn   | Place    | Note
-------+----------+-------------------------------------------
     0 | D:1      | vineage the Gargoyle Fighter began the quest for the Orb.
     0 | D:1      | Reached XP level 1. HP: 14/14 MP: 1/1
   337 | D:1      | Reached XP level 2. HP: 17/19 MP: 2/2
   793 | D:1      | Reached XP level 3. HP: 23/23 MP: 3/3
  1041 | D:2      | Reached skill level 4 in Shields
  1226 | D:2      | Found a sparkling altar of Nemelex Xobeh.
  1388 | D:2      | Noticed Robin
  1416 | D:2      | Killed Robin
  1416 | D:2      | Reached XP level 4. HP: 9/28 MP: 4/4
  1953 | D:3      | Noticed Jessica
  1968 | D:3      | Killed Jessica
  1997 | D:3      | Reached XP level 5. HP: 32/33 MP: 5/5
  2222 | D:3      | Noticed Ijyb
  2258 | D:3      | Reached skill level 5 in Shields
  2305 | D:3      | Killed Ijyb
  2676 | D:3      | Noticed Terence
  2696 | D:3      | Killed Terence
  2704 | D:3      | Reached XP level 6. HP: 34/38 MP: 6/6
  2844 | D:3      | Found a faded altar of an unknown god.
  2951 | D:4      | Killed from afar by an orc priest

Skill      XL: |  1  2  3  4  5 |
---------------+----------------+-----
Long Blades    | 2 3 |  3.6
Shields        | 4 5 |  5.1
Fighting       | |  3.9
Armour         | |  3.8
Dodging        | |  0.2

Action                   |  1- 3 |  4- 6 || total
-------------------------+-------+-------++-------
Melee: Long sword        |   197 |   226 ||   423
       Unarmed           |       |     7 ||     7
  Use: Potion            |     2 |     3 ||     5
  Eat: Chunk             |     1 |     7 ||     8
Armor: Plate armour      |   155 |   181 ||   336
       Scale mail        |    11 |       ||    11
       Skin              |       |    10 ||    10
Dodge: Dodged            |    37 |    51 ||    88
Block: Shield            |   134 |   141 ||   275
       Rpst.: Long sword |     8 |    14 ||    22
